 Dungeon Crawl Stone Soup version 0.24-a0-616-ge2a249a6fd (webtiles) character file.

Game seed: 169513811173069886, levelgen mode: deterministic

121006 MirrMurr the Unseen (level 16, -1/84 HPs)
             Began as a Spriggan Enchanter on Sept 12, 2019.
             Was a Believer of Uskayaw.
             Slain by a spriggan rider
             ... wielding a +0 spear
              (22 damage)
             ... on level 1 of the Swamp on Sept 14, 2019.
             The game lasted 01:37:38 (33601 turns).

MirrMurr the Unseen (Spriggan Enchanter)           Turns: 33601, Time: 01:37:38

Health: -1/84      AC: 10    Str:  9    XL:     16   Next: 31%
Magic:  23/32      EV: 33    Int: 18    God:    Uskayaw [**....]
Gold:   646        SH:  8    Dex: 17    Spells: 17/38 levels left

rFire    . . .     SeeInvis +   a - +7 dagger (venom)
rCold    . . .     Gourm    .   I - +0 buckler
rNeg     + + .     Faith    +   S - +2 steam dragon scales
rPois    +         Spirit   .   (helmet restricted)
rElec    .         Reflect  .   K - +2 cloak
rCorr    .         Harm     .   (gloves unavailable)
MR       +++..                  (boots unavailable)
Stlth    ++++++++..             t - amulet of faith
HPRegen  0.24/turn              R - ring of the Ban {rPois Stlth+}
MPRegen  0.23/turn              d - ring "Kesk" {rN++ MR+}

@: very quick
A: very small, unfitting armour, see invisible, herbivore, speed 3, slow
metabolism 2
a: Stomp, Line Pass, Renounce Religion


You were on level 1 of the Swamp.
You worshipped Uskayaw.
Uskayaw was noncommittal.
You were hungry.

You visited 4 branches of the dungeon, and saw 25 of its levels.
You also visited: Ossuary and Gauntlet.

You collected 2468 gold pieces.
You spent 1822 gold pieces at shops.

Inventory:

Hand Weapons
 a - a +7 dagger of venom (weapon)
 b - a +0 hunting sling
 h - a +2 scimitar of venom
 U - a +2 rapier of venom
Missiles
 f - 673 stones (quivered)
 n - 162 sling bullets
 z - a throwing net
 Q - 22 curare-tipped darts
Armour
 I - a +0 buckler (worn)
 K - a +2 cloak (worn)
 S - +2 steam dragon scales (worn)
Jewellery
 d - the ring "Kesk" (right hand) {rN++ MR+}
   (You took it off a minotaur in a Gauntlet)

   [ring of protection from magic]

   It greatly protects you from negative energy.
   It affects your resistance to hostile enchantments.
 o - an uncursed ring of protection from cold
 q - an uncursed ring of resist corrosion
 t - an amulet of faith (around neck)
 B - an uncursed ring of protection from fire
 G - a +5 ring of evasion
 R - the ring of the Ban (left hand) {rPois Stlth+}
   (You found it in a Gauntlet)

   [ring of stealth]

   It protects you from poison.
   It makes you more stealthy.
Wands
 l - a wand of paralysis (13)
 u - a wand of iceblast (44)
 A - a wand of digging (11)
 L - a wand of acid (25)
Scrolls
 j - 7 scrolls of teleportation
 k - 5 scrolls of blinking
 r - 12 scrolls of remove curse
 y - 8 scrolls of magic mapping
 E - 2 scrolls of fear
 H - a scroll of enchant armour
 J - 2 scrolls of torment
 M - a scroll of acquirement {unknown}
 N - a scroll of silence
 P - 5 scrolls of fog
 T - a scroll of vulnerability {unknown}
Potions
 e - 11 potions of curing
 g - 6 potions of might
 i - 2 potions of invisibility
 m - 5 potions of agility
 p - 5 potions of ambrosia
 s - 6 potions of haste
 v - a potion of resistance
 w - 3 potions of lignification
 x - 3 potions of mutation
 C - 2 potions of cancellation
 D - 2 potions of heal wounds
 F - 2 potions of flight
 O - 3 potions of brilliance
Comestibles
 c - 27 rations


   Skills:
 + Level 9.6 Fighting
 * Level 11.9 Short Blades
 + Level 18.3 Dodging
 + Level 18.8 Stealth
 - Level 7.2 Shields
 + Level 11.7 Spellcasting
 - Level 14.0 Hexes


You had 17 spell levels left.
You knew the following spells:

 Your Spells              Type           Power        Failure   Level  Hunger
a - Ensorcelled Hibernat  Hex/Ice        #####.       1%          2    None
b - Confuse               Hex            ######..     1%          3    None
c - Tukima's Dance        Hex            ######..     1%          3    None
d - Dazzling Spray        Conj/Hex       #####.       1%          3    None
e - Summon Butterflies    Summ           ##......     7%          1    None
f - Shroud of Golubria    Chrm/Tloc      ##....       10%         2    None
i - Invisibility          Hex            ######..     3%          6    ######.
A - Apportation           Tloc           ##....       7%          1    None

Your spell library contained the following spells:

 Spells                   Type           Power        Failure   Level  Hunger
 Corona                   Hex            ######.      1%          1    None
 Slow                     Hex            ######..     1%          2    None
 Inner Flame              Hex/Fire       #####...     1%          3    None
 Portal Projectile        Hex/Tloc       #####.       1%          3    None
 Cause Fear               Hex            ######....   1%          4    ##.....
 Leda's Liquefaction      Hex/Erth       #####.....   3%          4    ##.....
 Beastly Appendage        Tmut           ##....       7%          1    None
 Flame Tongue             Conj/Fire      ##...        7%          1    None
 Sticks to Snakes         Tmut           ##......     10%         2    None
 Silence                  Hex/Air        #####.....   11%         5    ####...
 Yara's Violent Unravell  Hex/Tmut       #####.....   11%         5    ####...
 Lesser Beckoning         Tloc           ##........   21%         3    None
 Regeneration             Chrm/Necr      ##........   21%         3    None
 Spider Form              Tmut/Pois      ##........   21%         3    None
 Ice Form                 Ice/Tmut       ##......     54%         4    ##.....
 Discord                  Hex            ######....   80%         8    #######
 Alistair's Intoxication  Tmut/Pois      ##......     88%         5    ####...
 Blade Hands              Tmut           ##........   88%         5    ####...
 Irradiate                Conj/Tmut      ##........   88%         5    ####...
 Deflect Missiles         Chrm/Air       ##........   100%        6    ######.
 Hydra Form               Tmut           ##........   100%        6    ######.
 Statue Form              Tmut/Erth      ##.......    100%        6    ######.
 Dragon Form              Tmut           ##........   100%        7    #######
 Ignition                 Fire           ##........   100%        8    #######


Dungeon Overview and Level Annotations

Branches:
Dungeon (15/15)            Temple (0/1) D:4            Lair (6/6) D:9
  Swamp (2/4) Lair:3       Spider (0/4) Lair:2        Slime (0/5) Lair:5
    Orc (2/2) D:9             Elf (0/3) Orc:2        Vaults (0/5) D:14
 Depths (0/5) D:15        Ossuary (visited)         Gauntlet (visited)

Altars:
Cheibriados
Hepliaklqana
Makhleb
Nemelex Xobeh
Okawaru
Ru
Sif Muna
Trog
Uskayaw
Wu Jian
Beogh

Shops:
D:5 (   D:6 ?   D:8 [   Orc:2 ![*((


Innate Abilities, Weirdness & Mutations

You are very small and have problems with some larger weapons.
You are too small for most types of armour.
You have supernaturally acute eyesight. (SInv)
You are a herbivore.
You cover ground extremely quickly.
You need to consume almost no food.


Message History

The spriggan rider resists with almost no effort.
The spriggan rider hits you with a +0 spear!!
You are too injured to fight recklessly!
Casting: Ensorcelled Hibernation (safe; 1% risk of failure)
Confirm with . or Enter, or press ? or * to list all spells.
Aiming: Ensorcelled Hibernation (safe; 1% risk of failure)
Press: ? - help, Shift-Dir - straight line, f/p - spriggan rider
Aim: a spriggan rider, wielding a +0 spear and wearing a +0 buckler (water, chance to defeat MR: 6%)
The spriggan rider resists with almost no effort.
The spriggan rider hits you with a +0 spear.
* * * LOW HITPOINT WARNING * * *
You are too injured to fight recklessly!
Casting: Ensorcelled Hibernation (safe; 1% risk of failure)
Confirm with . or Enter, or press ? or * to list all spells.
Aiming: Ensorcelled Hibernation (safe; 1% risk of failure)
Press: ? - help, Shift-Dir - straight line, f/p - spriggan rider
Aim: a spriggan rider, wielding a +0 spear and wearing a +0 buckler (water, chance to defeat MR: 6%)
The spriggan rider resists with almost no effort.
The spriggan rider hits you with a +0 spear!!
You die...

♣♣♣♣ ♣♣..)≈≈≈≈≈≈≈..§≈≈≈≈≈.♣♣♣
§♣♣≈ ♣[.≈≈≈≈≈≈≈≈...≈≈≈≈≈.§♣. ♣≈≈≈
♣♣♣ ♣...≈≈≈≈≈≈≈.♣♣≈≈≈≈≈.♣♣. ♣≈≈≈
♣≈♣ ♣♣♣.≈≈≈≈≈≈≈.♣♣♣.≈≈....♣≈
♣≈≈♣♣≈♣♣♣..≈≈≈≈≈≈≈.♣♣♣♣....≈≈...
♣≈≈≈≈.♣♣≈..≈≈≈≈≈≈..♣ ♣.≈≈≈≈≈≈≈≈≈
♣♣♣≈≈≈♣≈...≈≈≈≈≈≈.≈♣ ♣≈≈≈≈≈≈≈≈≈≈
♣§.≈..≈≈.≈≈≈≈≈≈).≈♣♣♣.≈≈≈.≈≈≈≈≈
♣♣..≈≈≈≈..♣...:@..≈≈.♣.≈≈..≈≈≈..
♣♣..≈≈≈≈≈..♣♣♣..)i≈..≈♣.≈≈≈.≈≈≈.♣
♣≈≈≈≈≈≈≈≈≈.♣ ♣≈.§≈≈≈≈...≈≈≈.≈≈>.♣
♣♣.≈≈≈≈≈≈..♣♣♣♣♣..≈≈≈..§≈≈≈..≈.♣♣
>..§≈≈≈.....≈♣ ♣♣♣.....≈≈≈≈≈≈..♣
.....≈≈..≈≈..♣♣♣ ♣♣♣♣≈...≈≈≈..≈♣
..♣♣...≈......≈♣♣ ♣♣♣........♣♣
≈..♣≈♣♣.....♣♣♣≈♣♣♣♣♣♣♣/....≈≈...
≈≈≈.≈♣♣..♣♣♣♣ ♣♣♣♣.≈≈≈.^≈≈≈.≈≈≈≈.


You could see a spriggan rider.

Vanquished Creatures
  Jorgrun (D:15)
  A thorn hunter (Swamp:1)
  A caustic shrike zombie (D:15)
  A minotaur (Gauntlet)
  Snorg (D:10)
  3 hydras
  A ghost crab (Swamp:1)
  A shambling mangrove (Swamp:1)
  Erica (D:9)
  A catoblepas (D:13)
  3 centaur warriors
  25 two-headed ogres
  6 death yaks
  An alligator (Swamp:1)
  5 ogre magi
  Urug (D:10)
  Sonja (D:13)
  7 skeletal warriors
  A glowing orange brain (shapeshifter) (D:14)
  A swamp dragon (Swamp:2)
  3 necromancers
  An orc knight (Orc:1)
  A flayed ghost (D:15)
  4 oklob plants (Lair:2)
  2 wolf spiders
  3 orc sorcerers
  17 ugly things
  A frost giant zombie (D:15)
  6 cyclopes
  A manticore (D:14)
  10 elephants
  Maurice (D:11)
  13 black mambas
  2 gargoyles
  4 centaur zombies
  A guardian serpent (Lair:6)
  23 spiny frogs
  4 komodo dragons
  5 rime drakes
  4 kobold demonologists
  A guardian mummy (D:15)
  7 trolls
  A queen bee (D:9)
  2 harpy skeletons (D:15)
  A tengu conjurer (D:10)
  11 slime creatures
  A polar bear (Lair:4)
  12 hornets
  4 tyrant leeches
  5 blink frogs (Lair:4)
  A bog body (Swamp:1)
  6 hippogriffs
  2 spriggan zombies (D:15)
  3 shadows
  7 spriggans (Swamp:1)
  15 wyverns
  30 yaks
  A vampire (D:13)
  3 redbacks
  4 wraiths
  A hungry ghost (D:15)
  A basilisk (Lair:2)
  Grum (D:11)
  22 vampire mosquitoes
  2 steam dragons
  12 swamp worms
  2 wargs (Orc:1)
  20 water moccasins
  5 porcupines
  2 ice beasts
  15 orc warriors
  A phantom (D:13)
  3 black bears
  4 sky beasts
  34 ogres
  2 necrophages
  2 eyes of draining
  4 wolves (D:11)
  12 centaurs
  14 crocodiles
  An elf zombie (Ossuary)
  A big kobold (D:15)
  13 bullfrogs
  3 gnoll sergeants
  A wyvern skeleton (D:6)
  21 killer bees (D:9)
  4 scorpions
  8 wights (D:13)
  3 electric eels
  5 crimson imps
  2 bullfrog zombies
  11 hounds
  A human zombie (Ossuary)
  8 jellies
  7 bullfrog skeletons
  16 orc priests
  24 orc wizards
  4 centaur skeletons
  Terence (D:2)
  4 iguanas
  10 worker ants
  A hound skeleton (D:8)
  4 mummies
  2 howler monkey skeletons
  13 adders
  27 gnolls
  6 shadow imps
  4 oozes
  3 adder skeletons
  2 adder zombies
  3 worms
  3 dart slugs
  2 leopard geckos
  66 orcs
  A giant cockroach (D:1)
  A gnoll zombie (Ossuary)
  4 goblins
  5 hobgoblins
  14 jackals
  14 kobolds
  5 quokkas
  A ball python (D:1)
  7 bats
  3 frilled lizards
  A goblin zombie (Ossuary)
  6 hobgoblin zombies (Ossuary)
  2 kobold zombies (Ossuary)
  2 orc zombies (D:8)
  4 rats
  A plant (Lair:4)
800 creatures vanquished.

Vanquished Creatures (collateral kills)
  A skeletal warrior (D:14)
1 creature vanquished.

Vanquished Creatures (others)
  A rime drake (Lair:5)
  25 fungi
  13 plants
  3 withered plants (D:15)
42 creatures vanquished.

Grand Total: 843 creatures vanquished

Notes
Turn   | Place    | Note
-------+----------+-------------------------------------------
     0 | D:1      | MirrMurr the Spriggan Enchanter began the quest for the
                  | Orb.
     0 | D:1      | Reached XP level 1. HP: 9/9 MP: 5/5
   396 | D:1      | Reached skill level 5 in Stealth
   396 | D:1      | Reached XP level 2. HP: 13/13 MP: 6/6
   406 | D:1      | Learned a level 2 spell: Ensorcelled Hibernation
  1370 | D:1      | You fall into a shaft and drop 1 floor!
  1439 | D:2      | Reached XP level 3. HP: 16/16 MP: 8/8
  1682 | D:2      | Reached XP level 4. HP: 21/21 MP: 6/9
  1790 | D:2      | Noticed Terence
  1800 | D:2      | Killed Terence
  1819 | D:2      | Found a faded altar of an unknown god.
  1837 | D:2      | Became a worshipper of Uskayaw the Reveler
  1837 | D:2      | Reached * piety under Uskayaw
  1889 | D:2      | Reached ** piety under Uskayaw
  1979 | D:2      | Found a burning altar of Makhleb.
  1983 | D:2      | Reached XP level 5. HP: 23/24 MP: 7/10
  2506 | D:3      | Learned a level 3 spell: Confuse
  2510 | D:3      | Learned a level 3 spell: Tukima's Dance
  3287 | D:4      | Noticed an ogre
  3290 | D:4      | Killed an ogre
  3290 | D:4      | Reached XP level 6. HP: 28/28 MP: 11/11
  3299 | D:4      | Found a staircase to the Ecumenical Temple.
  3439 | D:4      | Reached skill level 5 in Short Blades
  3894 | D:4      | Reached skill level 5 in Hexes
  4153 | D:4      | Reached XP level 7. HP: 27/32 MP: 8/13
  4587 | D:5      | Entered Level 5 of the Dungeon
  4637 | D:5      | Learned a level 3 spell: Dazzling Spray
  4684 | D:5      | Reached *** piety under Uskayaw
  4690 | D:5      | Found Duveituu's Weapon Boutique.
  5066 | D:6      | Found Cast's Magic Scroll Shop.
  5074 | D:6      | Bought a scroll of blinking for 90 gold pieces
  5273 | D:6      | Reached XP level 8. HP: 37/37 MP: 15/15
  5294 | D:6      | Reached skill level 1 in Fighting
  5465 | D:6      | Reached **** piety under Uskayaw
  5693 | D:7      | Reached skill level 5 in Dodging
  6729 | D:8      | Found a hazy altar of Hepliaklqana.
  6763 | D:8      | Found an iron altar of Okawaru.
  6765 | D:8      | Found a snail-covered altar of Cheibriados.
  6765 | D:8      | Found a sacrificial altar of Ru.
  6766 | D:8      | Found an ornate altar of the Wu Jian Council.
  6766 | D:8      | Found a burning altar of Makhleb.
  6767 | D:8      | Found a sparkling altar of Nemelex Xobeh.
  6768 | D:8      | Found a bloodstained altar of Trog.
  6831 | D:8      | Found a sand-covered staircase.
  6836 | Ossuary  | Entered an ossuary
  7376 | Ossuary  | Reached XP level 9. HP: 44/44 MP: 16/16
  7669 | D:8      | Found Bohaer's Antique Armour Boutique.
  7813 | D:8      | Bought a buckler for 148 gold pieces
  7955 | D:8      | Reached ***** piety under Uskayaw
  8222 | D:8      | Noticed a cyclops
  8225 | D:8      | Killed a cyclops
  8225 | D:8      | Reached skill level 1 in Shields
  9196 | D:9      | Noticed a two-headed ogre
  9221 | D:9      | Killed a two-headed ogre
  9221 | D:9      | Reached skill level 10 in Dodging
  9221 | D:9      | Reached skill level 10 in Stealth
  9236 | D:9      | Reached XP level 10. HP: 49/49 MP: 4/17
  9258 | D:9      | Found a staircase to the Orcish Mines.
 10153 | D:9      | Reached skill level 5 in Shields
 10529 | D:9      | Found a staircase to the Lair.
 10783 | D:9      | Noticed Erica
 10813 | D:9      | Killed Erica
 11106 | D:9      | Reached XP level 11. HP: 52/52 MP: 10/18
 11548 | D:10     | Entered Level 10 of the Dungeon
 11644 | D:10     | Noticed a two-headed ogre
 11649 | D:10     | Killed a two-headed ogre
 11665 | D:10     | Noticed Urug
 11689 | D:10     | Killed Urug
 11713 | D:10     | Reached ****** piety under Uskayaw
 12407 | D:10     | Noticed Snorg
 12815 | D:10     | Killed Snorg
 13026 | D:11     | Noticed Maurice
 13033 | D:11     | Killed Maurice
 13033 | D:11     | Reached skill level 5 in Spellcasting
 13151 | D:11     | Noticed Grum
 13179 | D:11     | Killed Grum
 14189 | Lair:1   | Entered Level 1 of the Lair of Beasts
 14198 | Lair:1   | Reached XP level 12. HP: 58/58 MP: 18/21
 15107 | Lair:2   | Noticed a death yak
 15111 | Lair:2   | Noticed a death yak
 15114 | Lair:2   | Noticed a death yak
 15115 | Lair:2   | Noticed a death yak
 15124 | Lair:2   | Noticed a death yak
 15339 | Lair:2   | Found a hole to the Spider Nest.
 15446 | Lair:2   | Noticed a death yak
 16272 | Lair:1   | Killed a death yak
 16769 | Lair:2   | Found a hole to the Spider Nest.
 16804 | Lair:1   | Killed a death yak
 16804 | Lair:1   | Reached skill level 5 in Fighting
 17082 | Lair:2   | Reached skill level 10 in Hexes
 17185 | Lair:2   | Killed a death yak
 17190 | Lair:2   | Killed a death yak
 17254 | Lair:2   | Killed a death yak
 17257 | Lair:2   | Killed a death yak
 17257 | Lair:2   | Reached skill level 10 in Short Blades
 17653 | Lair:2   | HP: 1/60 [acid (12)]
 18029 | Lair:3   | Reached XP level 13. HP: 65/65 MP: 23/23
 18232 | Lair:3   | Found a staircase to the Swamp.
 18606 | Lair:4   | Reached skill level 15 in Stealth
 18735 | Lair:4   | Reached skill level 15 in Dodging
 18766 | Lair:4   | Learned a level 6 spell: Invisibility
 18988 | Lair:4   | Learned a level 1 spell: Apportation
 18990 | Lair:4   | Learned a level 1 spell: Summon Butterflies
 19700 | Lair:5   | Found a staircase to the Slime Pits.
 20396 | Lair:6   | Entered Level 6 of the Lair of Beasts
 21738 | Lair:5   | Reached XP level 14. HP: 72/72 MP: 9/26
 23232 | D:13     | Noticed Sonja
 23238 | D:13     | Killed Sonja
 24780 | D:14     | Found a gate leading to a gauntlet.
 24790 | Gauntlet | Entered a Gauntlet
 24790 | Gauntlet | Found a transporter.
 24790 | Gauntlet | Found a transporter.
 24808 | Gauntlet | Found a transporter.
 24812 | Gauntlet | Found a transporter.
 24820 | Gauntlet | Found a transporter.
 24824 | Gauntlet | Found a transporter.
 24826 | Gauntlet | Noticed a reaper
 24832 | Gauntlet | Found a transporter.
 24848 | Gauntlet | Found a transporter.
 24862 | Gauntlet | Found a transporter.
 24866 | Gauntlet | Found a transporter.
 24874 | Gauntlet | Found a transporter.
 24878 | Gauntlet | Found a transporter.
 24909 | Gauntlet | Upgraded the game from 0.24-a0-613-g1ff6aac338 to
                  | 0.24-a0-615-g751f86b5a9
 25383 | Gauntlet | Got a translucent marble ring
 25384 | Gauntlet | Identified the ring of the Ban {rPois Stlth+} (You found it
                  | in a Gauntlet)
 25409 | Gauntlet | Identified the ring "Kesk" {rN++ MR+}
 25422 | Gauntlet | Identified the Handbook of Helpful Heat
 25427 | Gauntlet | Learned a level 2 spell: Shroud of Golubria
 26603 | D:14     | Found a gate to the Vaults.
 26760 | D:15     | Entered Level 15 of the Dungeon
 26760 | D:15     | Found a staircase to the Depths.
 26854 | D:15     | Reached XP level 15. HP: 61/77 MP: 29/29
 27062 | D:15     | Reached skill level 10 in Spellcasting
 27680 | D:15     | Noticed Jorgrun
 27697 | D:15     | Killed Jorgrun
 28413 | Orc:1    | Entered Level 1 of the Orcish Mines
 28455 | Orc:2    | Entered Level 2 of the Orcish Mines
 28687 | Orc:2    | Found a roughly hewn altar of Beogh.
 28723 | Orc:2    | Found Qium's Distillery.
 29219 | Orc:2    | Found Jegeman's Armour Emporium.
 29219 | Orc:2    | Found Docweot's Weapon Shop.
 29220 | Orc:2    | Found Pasuteuc's Assorted Antiques.
 29220 | Orc:2    | Found Uhengatt's Antique Weapon Shoppe.
 29384 | Orc:2    | Found a staircase to the Elven Halls.
 29556 | Orc:1    | Found a shimmering blue altar of Sif Muna.
 29604 | Orc:1    | Identified Sif Muna's Compendium of Flames
 30176 | Orc:1    | Reached XP level 16. HP: 77/84 MP: 27/32
 30385 | Orc:2    | Bought a scroll labeled VEXTAO EWNO for 32 gold pieces
 30385 | Orc:2    | Bought a scroll of blinking for 240 gold pieces
 30385 | Orc:2    | Bought a scroll labeled VEXTAO EWNO for 32 gold pieces
 30385 | Orc:2    | Bought an encrusted copper wand for 128 gold pieces
 30385 | Orc:2    | Bought a potion of heal wounds for 160 gold pieces
 30385 | Orc:2    | Bought a wand of iceblast (11) for 128 gold pieces
 30420 | Orc:2    | Bought a potion of curing for 36 gold pieces
 30420 | Orc:2    | Bought a potion of heal wounds for 60 gold pieces
 30420 | Orc:2    | Bought a potion of mutation for 96 gold pieces
 30420 | Orc:2    | Bought a potion of invisibility for 96 gold pieces
 30420 | Orc:2    | Bought a potion of haste for 120 gold pieces
 30420 | Orc:2    | Bought a potion of brilliance for 48 gold pieces
 30420 | Orc:2    | Bought a potion of invisibility for 96 gold pieces
 30420 | Orc:2    | Bought a potion of haste for 120 gold pieces
 30420 | Orc:2    | Bought a potion of curing for 36 gold pieces
 30420 | Orc:2    | Bought a potion of curing for 36 gold pieces
 30420 | Orc:2    | Bought a potion of haste for 120 gold pieces
 30520 | Swamp:1  | Entered Level 1 of the Swamp
 30674 | Swamp:1  | Noticed a thorn hunter
 30712 | Swamp:1  | Killed a thorn hunter
 31947 | Swamp:1  | Upgraded the game from 0.24-a0-615-g751f86b5a9 to
                  | 0.24-a0-616-ge2a249a6fd
 33601 | Swamp:1  | Slain by a spriggan rider

Levels and vault maps discovered:
D:1:      eino_arrival_druids_welcome, layout_basic
D:2:      layout_basic, chequers_ecumenical_altar_lobes,
          makhleb_blood_cavern_becter, uniq_terence
D:3:      layout_loops_ring, minmay_misc_feat_rows, minmay_statues_item
D:4:      layout_basic, minmay_temple_entry_wispy, first_ration
D:5:      layout_rooms, serial_shops, nicolae_shop_window_shopping
D:6:      layout_rooms, serial_shops, shop, st_stairs_14,
          minmay_misc_feat_alley, roderic_serpentine_path
D:7:      layout_cave_pods
D:8:      layout_basic, minitemple, serial_shops,
          nicolae_shop_temple_entry_statues_fountains,
          nicolae_ossuary_entry_giza
D:9:      layout_cave_pods, due_lair_maze_entry_diamond, orc_0_dummy,
          serial_glass, glass_columns_a, glass_columns_b, minivault_7,
          uniq_erica
D:10:     layout_basic, serial_curves, eino_curves_01, eino_curves_03,
          eino_curves_04, eino_curves_04, grunt_tengu_nest, uniq_urug,
          uniq_snorg
D:11:     layout_loops_ring, uniq_maurice, uniq_grum
D:12:     layout_roguey
D:13:     layout_rooms, uniq_sonja
D:14:     layout_rooms, david_vaults_1, hangedman_decor_clover_reticule,
          gauntlet_entry_generic
D:15:     gammafunk_depths_entry_grave, layout_irregular_city, minivault_23,
          uniq_jorgrun
Lair:1:   layout_cave_pods
Lair:2:   layout_gridlike, spider_nest_entry_web_field, grunt_megastairs_2,
          minmay_lair_oklob_chamber, serial_bayou_shore_a
Lair:3:   layout_roguey, minmay_swamp_entry_worms
Lair:4:   layout_small_grid, infiniplex_staircase_pool, grunt_megastairs_5,
          lemuel_fruit_tree
Lair:5:   layout_roguey, nicolae_slime_entry_slimehenge, serial_bayou_shore_b
Lair:6:   hangedman_lair_tendril_chambers, layout_regular_city,
          serial_bayou_ford_a
Swamp:1:  layout_basic_swamp, evilmike_swamp_ruin_house_1, swamp_pool3
Swamp:2:  layout_falls_marsh, nicolae_swamp_fairy_circle, swamp_pool1
Orc:1:    layout_diamond_mine, led_sif_book
Orc:2:    st_orc_ogre_mass, layout_diamond_mine, basic_altar, serial_shops, shop

Skill      XL: |  1  2  3  4  5  6  7  8  9 10 11 12 13 14 15 |
---------------+----------------------------------------------+-----
Stealth        | 5 6 7 8 10 12 14 16 17 18 | 18.8
Short Blades   | 2 3 4 5 7 8 10 11 | 11.9
Hexes          | 5 8 9 10 11 13 14 | 14.0
Spellcasting   | 3 4 5 6 7 9 11 | 11.7
Fighting       | 3 4 5 7 8 9 |  9.6
Dodging        | 8 10 11 12 14 15 16 18 | 18.3
Shields        | 3 5 7 |  7.2

Action                   |  1- 3 |  4- 6 |  7- 9 | 10-12 | 13-15 | 16-18 || total
-------------------------+-------+-------+-------+-------+-------+-------++-------
Melee: Dagger            |   128 |   107 |   355 |   582 |  1395 |   226 ||  2793
 Cast: Corona            |     1 |       |       |       |       |       ||     1
       Ensorcelled Hiber |    14 |    25 |    84 |   147 |   275 |    35 ||   580
       Confuse           |       |     2 |    19 |    48 |    44 |     9 ||   122
       Dazzling Spray    |       |       |       |     6 |     3 |     1 ||    10
       Tukima's Dance    |       |       |       |       |    16 |     6 ||    22
       Invisibility      |       |       |       |       |     5 |     2 ||     7
       Apportation       |       |       |       |       |       |     2 ||     2
Evoke: Wand              |       |     1 |       |     4 |       |     1 ||     6
  Use: Scroll            |       |     1 |    12 |    13 |     9 |     6 ||    41
       Potion            |       |       |       |       |     3 |     3 ||     6
 Stab: Sleeping          |    14 |    32 |    74 |    78 |   166 |    14 ||   378
       Confused          |       |       |    14 |    24 |    19 |     4 ||    61
       Paralysed         |       |       |     9 |    28 |    69 |    12 ||   118
       Distracted        |       |       |     1 |       |     2 |       ||     3
       Held in net/web   |       |       |       |     6 |       |       ||     6
       Invisible         |       |       |       |     1 |    40 |     4 ||    45
       Petrified         |       |       |       |       |     3 |       ||     3
  Eat: Ration            |       |     2 |     5 |     8 |     8 |     2 ||    25
Armor: Robe              |    13 |     6 |    15 |    16 |       |       ||    50
       Troll leather arm |       |       |       |     9 |    64 |     4 ||    77
       Steam dragon scal |       |       |       |       |       |    23 ||    23
Dodge: Dodged            |   128 |    77 |   291 |   366 |  1136 |   308 ||  2306
Block: Buckler           |       |       |    23 |   139 |   410 |   119 ||   691

Table legend:
 A = Non-vault XP
 B = Vault XP
 C = Vault XP percentage of total XP
 D = Non-vault monster count
 E = Vault monster count
 F = Vault count percentage of total count
                 A         B        C        D         E       F
            +---------+---------+-------+---------+---------+-------
      Total |  109537 |   63330 |  36.6 |     610 |     190 |  23.8
            +---------+---------+-------+---------+---------+-------
        D:1 |      42 |       0 |   0.0 |      24 |       0 |   0.0
        D:2 |      92 |      81 |  46.8 |      15 |       2 |  11.8
        D:3 |      44 |       0 |   0.0 |      12 |       0 |   0.0
        D:4 |     537 |       0 |   0.0 |      18 |       0 |   0.0
        D:5 |     566 |       0 |   0.0 |      17 |       0 |   0.0
        D:6 |     357 |      11 |   3.0 |      17 |       1 |   5.6
        D:7 |     514 |       0 |   0.0 |      11 |       0 |   0.0
        D:8 |    1266 |      20 |   1.6 |      27 |       3 |  10.0
        D:9 |    4303 |    3522 |  45.0 |      35 |      27 |  43.5
       D:10 |    3409 |    2252 |  39.8 |      33 |       3 |   8.3
       D:11 |    2539 |    1132 |  30.8 |      23 |       6 |  20.7
       D:12 |    5679 |       0 |   0.0 |      33 |       0 |   0.0
       D:13 |    6518 |     802 |  11.0 |      28 |       1 |   3.4
       D:14 |   14840 |    4235 |  22.2 |      36 |       6 |  14.3
       D:15 |   18859 |    8235 |  30.4 |      45 |       9 |  16.7
     Lair:1 |    2186 |    2260 |  50.8 |      11 |       3 |  21.4
     Lair:2 |    2538 |    8957 |  77.9 |       9 |      17 |  65.4
     Lair:3 |    2623 |     727 |  21.7 |      13 |       3 |  18.8
     Lair:4 |    6890 |     757 |   9.9 |      29 |       2 |   6.5
     Lair:5 |    2391 |    1438 |  37.6 |       7 |      10 |  58.8
     Lair:6 |    6628 |    8804 |  57.1 |      21 |      33 |  61.1
    Swamp:1 |   17489 |       0 |   0.0 |      43 |       0 |   0.0
    Swamp:2 |    1055 |       0 |   0.0 |       3 |       0 |   0.0
      Orc:1 |    4347 |      82 |   1.9 |      61 |       2 |   3.2
      Orc:2 |    3048 |   17129 |  84.9 |      37 |      37 |  50.0
    Ossuary |       0 |     417 | 100.0 |       0 |      16 | 100.0
   Gauntlet |     777 |    2469 |  76.1 |       2 |       9 |  81.8
            +---------+---------+-------+---------+---------+-------
